 Dungeon Crawl Stone Soup version 0.20.0 (webtiles) character file.

135860 Danakh the Severer (level 17, -7/112 HPs)
             Began as a Gargoyle Berserker on June 3, 2017.
             Was a High Priest of Trog.
             Mangled by a shambling mangrove (14 damage)
             ... on level 3 of the Swamp.
             The game lasted 01:55:02 (27006 turns).

Danakh the Severer (Gargoyle Berserker)            Turns: 27006, Time: 01:55:02

Health: -7/112     AC: 38    Str: 25    XL:     17   Next: 20%
Magic:  0/8        EV:  6    Int: 11    God:    Trog [*****.]
Gold:   2850       SH: 20    Dex:  7    Spells: 16/16 levels left

rFire    . . .     SeeInvis .   w - +3 broad axe (antimagic)
rCold    + . .     Gourm    .   Z - +0 large shield
rNeg     + . .     Faith    .   z - +2 plate armour {rC+}
rPois    ∞         Spirit   +   A - +2 hat {MR+}
rElec    +         Reflect  .   q - +0 cloak (curse)
rCorr    .         Harm     .   P - +2 pair of gloves
MR       ++...                  (no boots)
Stlth    ..........             i - amulet of guardian spirit
Regen    0.3/turn               y - -2 ring of dexterity (curse)
MPRegen  0.2/turn               Y - ring of magical power

@: berserk cooldown, flying, slowed, very slow
A: big wings, blurry vision 1, deterioration 2, negative energy resistance 1,
electricity resistance, unbreathing, petrification resistance, rot immunity, AC
+12
a: Stop Flying, Berserk, Trog's Hand, Brothers in Arms, Burn Spellbooks,
Renounce Religion


You were on level 3 of the Swamp.
You worshipped Trog.
Trog was extremely pleased with you.
You were very hungry.

You visited 4 branches of the dungeon, and saw 26 of its levels.
You also visited: Labyrinth, Trove, Ossuary, Bailey and Ice Cave.

You collected 2850 gold pieces.

Inventory:

Hand Weapons
 w - a +3 antimagic broad axe (weapon)
Armour
 q - a cursed +0 cloak (worn)
 z - a +2 plate armour of cold resistance (worn)
 A - a +2 hat of magic resistance (worn)
 P - a +2 pair of gloves (worn)
 Z - a +0 large shield (worn)
Jewellery
 d - a cursed ring of teleportation {unknown}
 h - an uncursed ring of fire {unknown}
 i - an amulet of guardian spirit (around neck)
 y - a cursed -2 ring of dexterity (left hand)
 Y - a ring of magical power (right hand)
Wands
 a - a wand of clouds (3/9)
 b - a wand of iceblast (12/15)
 g - a wand of iceblast (7/15)
 p - a wand of flame (31/48)
 t - a wand of digging (7/24)
 D - a wand of digging (12/24)
 E - a wand of acid (8/15)
 G - a wand of clouds (5/9)
 U - a wand of flame (18/48)
 V - a wand of lightning (8/15)
Scrolls
 e - 4 scrolls of identify {unknown}
 l - a scroll of noise {unknown}
 m - 2 scrolls of enchant armour {unknown}
 s - 2 scrolls of fear {unknown}
 v - a scroll of brand weapon {unknown}
 B - 2 scrolls of remove curse {unknown}
 F - 2 scrolls of immolation {unknown}
 Q - a scroll of vulnerability {unknown}
 S - a scroll of blinking {unknown}
 T - 3 scrolls of teleportation {unknown}
Potions
 o - 3 potions of brilliance {unknown}
 r - 2 potions of lignification {unknown}
 u - 2 potions of mutation {unknown}
 x - a potion of ambrosia {unknown}
 J - a potion of degeneration {unknown}
 K - a potion of resistance
 L - a potion of heal wounds {unknown}
 M - a potion of curing {unknown}
 N - a potion of agility {unknown}
Books
 f - the Almanac of Floating Slavery
   (You found it in a labyrinth)

   Spells                             Type                      Level
   a - Summon Butterflies             Summoning                    1
   b - Mephitic Cloud                 Conjuration/Poison/Air       3
   c - Recall                         Summoning/Translocation      3
   d - Summon Lightning Spire         Summoning/Air                4
   e - Dragon's Call                  Summoning                    9
   Trog disapproves of the use of such an item.
 k - the Handbook of the Ashen Blaze
   (You found it in a labyrinth)

   Spells                             Type                      Level
   a - Leda's Liquefaction            Hexes/Earth                  4
   b - Petrify                        Transmutation/Earth          4
   c - Iron Shot                      Conjuration/Earth            6
   d - Ring of Flames                 Charms/Fire                  7
   e - Ignition                       Fire                         8
   Trog disapproves of the use of such an item.
 n - the Tome of Confrontation and Hexes
   (You found it on level 13 of the Dungeon)

   Spells                             Type                      Level
   a - Confusing Touch                Hexes                        1
   b - Throw Flame                    Conjuration/Fire             2
   c - Throw Frost                    Conjuration/Ice              2
   d - Portal Projectile              Hexes/Translocation          3
   e - Summon Mana Viper              Hexes/Summoning              5
   f - Invisibility                   Hexes                        6
   Trog disapproves of the use of such an item.
 H - a book of Unlife

   Spells                             Type                      Level
   a - Recall                         Summoning/Translocation      3
   b - Animate Dead                   Necromancy                   4
   c - Control Undead                 Necromancy                   4
   d - Cigotuvi's Embrace             Necromancy                   5
   e - Death Channel                  Necromancy                   6
   f - Simulacrum                     Ice/Necromancy               6
   Trog disapproves of the use of such an item.
 I - a book of Clouds

   Spells                             Type                      Level
   a - Poisonous Vapours              Poison/Air                   2
   b - Mephitic Cloud                 Conjuration/Poison/Air       3
   c - Conjure Flame                  Conjuration/Fire             3
   d - Freezing Cloud                 Conjuration/Ice/Air          6
   e - Ring of Flames                 Charms/Fire                  7
   Trog disapproves of the use of such an item.
 R - a book of the Sky

   Spells                             Type                      Level
   a - Summon Lightning Spire         Summoning/Air                4
   b - Silence                        Hexes/Air                    5
   c - Deflect Missiles               Charms/Air                   6
   d - Conjure Ball Lightning         Conjuration/Air              6
   e - Tornado                        Air                          9
   Trog disapproves of the use of such an item.
Comestibles
 c - 13 bread rations
 j - 23 royal jellies
 C - 13 meat rations


   Skills:
 + Level 14.6 Fighting
 * Level 17.3 Axes
 + Level 14.7 Armour
 - Level 1.5 Dodging
 * Level 14.7 Shields


You had 16 spell levels left.
You didn't know any spells.

Dungeon Overview and Level Annotations

Branches:
Dungeon (15/15)            Temple (0/1) D:5            Lair (6/6) D:9
  Swamp (3/4) Lair:4        Snake (0/4) Lair:4        Slime (0/5) Lair:5
    Orc (2/2) D:11            Elf (0/3) Orc:2        Vaults (0/5) D:14
 Depths (0/5) D:15

Altars:
Ashenzari
Cheibriados
Dithmenos
Fedhas
Hepliaklqana
Kikubaaqudgha
Makhleb
Okawaru
Qazlal
Ru
Trog
Uskayaw
Xom
Beogh

Shops:
D:5 *   Orc:2 *%(}

Annotations:
D:6 2 transporters
D:14 exclusion: Roxanne, Roxanne


Innate Abilities, Weirdness & Mutations

You are resistant to torment.
Your stone body is resilient. (AC +12)
You are immune to poison.
Your large and strong wings let you fly indefinitely.
You resist negative energy. (rN+)
You are resistant to electric shocks. (rElec)
You can survive without breathing.
You are immune to petrification.
You are immune to rotting.
Scrolls take you a little longer to read.
Your body often deteriorates upon taking damage.


Message History

You block the hornet's attack. The hornet stings your ogre!
Your ogre seems to slow down.
The hornet stings you but does no damage.
The hornet stings your ogre!!
Your ogre dies!
Your ogre's corpse disappears in a puff of smoke!
The hornet stings you but does no damage.
You block the hornet's attack. The shambling mangrove hits you!!
* * * LOW HITPOINT WARNING * * *
You slash the shambling mangrove!
The shambling mangrove is almost destroyed.
You miss the hornet.
Your shield and plate armour prevent you from hitting the hornet.
The hornet stings you.
* * * LOW HITPOINT WARNING * * *
You block the hornet's attack. The hornet closely misses you.
The hornet stings you.
* * * LOW HITPOINT WARNING * * *
You block the hornet's attack. The shambling mangrove hits you!
You die...

.. ♣.....≈. ..
♣♣♣.♣♣.) .. . ..
♣♣≈ ...♣♣. ♣... ♣≈≈
.PPP.≈♣ ♣♣..%.. ♣♣≈
.PP..f.♣.....♣
♣♣♣♣♣.< ♣♣.♣
♣..♣... ♣fy♣♣
♣♣...≈≈. ♣@y.♣
♣♣≈♣≈≈≈≈.
♣.y.♣♣♣♣♣♣≈≈≈≈≈.<.
♣...♣.≈≈≈.♣≈.≈≈..♣♣
♣...♣.♣≈..≈≈.≈≈)♣♣
♣.≈..P.≈≈≈..♣≈♣.♣
♣.≈.≈≈≈≈..≈♣♣♣..♣
♣?≈..§≈..≈≈.♣♣..♣♣
§≈≈≈≈≈≈...≈.♣♣♣≈..♣
.♣≈≈≈≈≈.≈..♣♣ ♣≈≈♣♣


You could see a shambling mangrove and 3 hornets.

Vanquished Creatures
  Gastronok (Lair:2)
  4 thorn hunters
  An ettin (Orc:1)
  A minotaur (Lab)
  A fire dragon (Lair:6)
  5 hydras
  2 vault guards
  Erica (D:9)
  22 two-headed ogres
  5 alligators
  6 centaur warriors
  3 ogre magi (D:15)
  3 death yaks (Lair:6)
  A tengu warrior (D:13)
  Urug (D:11)
  An orc high priest (Orc:2)
  A fire crab (D:14)
  A spriggan druid (Swamp:2)
  A glowing orange brain (D:14)
  5 swamp dragons
  2 unseen horrors
  A shambling mangrove (Swamp:2)
  4 necromancers
  An orc knight (Orc:2)
  An oklob plant (Lair:1)
  3 deep elf magi
  5 cyclopes
  12 ugly things
  2 manticores
  A water nymph (shapeshifter) (D:14)
  3 ice statues (IceCv)
  A centaur zombie (D:14)
  10 elephants
  A torpor snail (Lair:3)
  3 naga magi (D:15)
  11 spiny frogs
  A gargoyle (D:14)
  2 rime drakes
  3 kobold demonologists (D:15)
  A yaktaur (shapeshifter) (D:15)
  11 komodo dragons
  An efreet (D:15)
  3 tengu conjurers
  5 tyrant leeches
  5 ice devils (IceCv)
  A queen bee (Lair:3)
  5 trolls
  3 hornets
  9 polar bears (Lair:6)
  17 blink frogs
  23 slime creatures
  8 bog bodies
  6 dream sheep (Lair:6)
  2 raiju (Lair:6)
  7 hippogriffs
  3 shadows
  3 spriggans (Swamp:2)
  6 wyverns
  20 humans
  24 yaks
  A hungry ghost (D:9)
  2 basilisks
  3 hogs (D:7)
  6 vampire mosquitoes
  Grum (D:10)
  A basilisk (shapeshifter) (D:14)
  A steam dragon (Lair:6)
  A redback simulacrum (D:14)
  9 wargs
  8 swamp worms
  5 nagas (Lair:4)
  13 hell hounds (Lair:6)
  An acid dragon (Lair:6)
  Duvessa (D:4)
  7 porcupines
  8 water moccasins
  2 ice beasts
  55 orc warriors
  4 swamp drakes
  11 black bears (Lair:6)
  A hornet zombie (D:12)
  5 sky beasts
  An ogre (shapeshifter) (D:14)
  A necrophage (D:10)
  19 ogres
  2 phantoms
  16 centaurs
  19 wolves
  6 big kobolds
  6 crocodiles
  15 bullfrogs
  2 water moccasin zombies (Ossuary)
  Dowan (D:4)
  4 scorpions
  30 killer bees
  A howler monkey (D:6)
  15 wights
  An electric eel (Lair:5)
  4 crimson imps
  2 quasits
  3 bullfrog zombies
  2 bullfrog skeletons
  5 centaur skeletons
  8 hounds
  19 orc priests
  Crazy Yiuf (D:6)
  2 draconian simulacra (IceCv)
  2 iguanas
  4 jellies
  23 orc wizards
  A gnoll shaman (D:5)
  Ijyb (D:4)
  6 hell rats (Lair:4)
  2 worker ants
  A spriggan simulacrum (IceCv)
  A troll simulacrum (IceCv)
  A big kobold zombie (Ossuary)
  3 mummies
  14 gnolls
  16 adders
  2 naga simulacra (IceCv)
  4 ogre simulacra (IceCv)
  3 shadow imps
  3 oozes
  5 adder zombies
  3 worms
  2 dart slugs
  5 leopard geckos
  106 orcs
  4 bats
  11 giant cockroaches
  11 goblins
  12 hobgoblins
  6 jackals
  43 kobolds
  7 quokkas
  4 ball pythons
  7 frilled lizards
  A giant cockroach zombie (D:6)
  3 gnoll zombies (Ossuary)
  5 kobold zombies (Ossuary)
  A leopard gecko skeleton (D:4)
  12 orc zombies (Ossuary)
  A quokka skeleton (D:5)
  A quokka zombie (D:8)
  16 rats
  15 briar patches (Swamp:2)
  4 fungi
  8 plants
1007 creatures vanquished.

Vanquished Creatures (collateral kills)
  Nessos (Lair:5)
  The ghost of centipede the Imperceptible, a journeyman SpAs of Dithmenos (Lair:6)
  Fannar (Lair:1)
  5 hydras
  5 two-headed ogres (D:15)
  An ogre mage (D:15)
  Sonja (D:14)
  2 spiny frogs
  A centaur skeleton (D:15)
  A rime drake (Lair:6)
  2 ice devils (IceCv)
  A bog body (Swamp:3)
  5 blink frogs (Lair:4)
  A shadow (D:15)
  A basilisk (Lair:3)
  2 steam dragons (Lair:6)
  An acid dragon (Lair:6)
  An ogre (D:15)
  2 crocodiles
  A butterfly (Lair:5)
  A plant (Lair:1)
37 creatures vanquished.

Vanquished Creatures (others)
  A tyrant leech (Swamp:2)
  A basilisk (Lair:6)
  2 iguanas (Lair:6)
  8 fungi
  15 plants
27 creatures vanquished.

Grand Total: 1071 creatures vanquished

Notes
Turn   | Place    | Note
-------+----------+-------------------------------------------
     0 | D:1      | Danakh the Gargoyle Berserker began the quest for the Orb.
     0 | D:1      | Reached XP level 1. HP: 14/14 MP: 1/1
    81 | D:1      | Reached XP level 2. HP: 18/19 MP: 2/2
   160 | D:1      | Reached skill level 3 in Axes
   429 | D:1      | Reached XP level 3. HP: 17/23 MP: 3/3
   599 | D:1      | Reached ** piety under Trog
  1152 | D:2      | Reached XP level 4. HP: 4/29 MP: 0/4
  1831 | D:3      | Reached skill level 4 in Axes
  1831 | D:3      | Reached XP level 5. HP: 22/33 MP: 2/5
  2109 | D:3      | Found a faded altar of an unknown god.
  2299 | D:3      | Noticed an ogre
  2306 | D:3      | Killed an ogre
  2306 | D:3      | Reached XP level 6. HP: 38/38 MP: 6/6
  2562 | D:3      | Found a burning altar of Makhleb.
  2562 | D:3      | Found a shattered altar of Ashenzari.
  2567 | D:3      | Found a faded altar of an unknown god.
  2572 | D:3      | Found a faded altar of an unknown god.
  2573 | D:3      | Found a bloodstained altar of Trog.
  2672 | D:4      | Noticed Ijyb
  2686 | D:4      | Killed Ijyb
  2731 | D:4      | Reached *** piety under Trog
  2742 | D:4      | Reached skill level 5 in Axes
  2847 | D:4      | Reached XP level 7. HP: 44/44 MP: 7/7
  2990 | D:4      | Reached skill level 5 in Fighting
  3329 | D:4      | Found a shadowy altar of Dithmenos.
  3379 | D:4      | Noticed Duvessa
  3392 | D:4      | Killed Duvessa
  3392 | D:4      | Reached skill level 5 in Armour
  3394 | D:4      | Noticed Dowan
  3420 | D:4      | Killed Dowan
  3420 | D:4      | Reached skill level 6 in Axes
  3508 | D:5      | Entered Level 5 of the Dungeon
  3642 | D:5      | Found a staircase to the Ecumenical Temple.
  3669 | D:5      | Reached XP level 8. HP: 50/50 MP: 6/8
  3762 | D:5      | Found Zipestav's General Store.
  3873 | D:5      | Found a stormy altar of Qazlal.
  4304 | D:6      | Reached skill level 7 in Axes
  4344 | D:6      | Found a sand-covered staircase.
  4359 | Ossuary  | Entered an ossuary
  4400 | Ossuary  | Reached **** piety under Trog
  4830 | D:6      | Found a sacrificial altar of Ru.
  4833 | D:6      | Noticed a seven-headed hydra
  4895 | D:6      | Noticed a wyvern
  4915 | D:6      | Killed a wyvern
  4915 | D:6      | Reached XP level 9. HP: 9/56 MP: 2/9
  5188 | D:6      | Found a runed door.
  5192 | D:6      | Noticed Crazy Yiuf
  5200 | D:6      | Killed Crazy Yiuf
  5200 | D:6      | Reached skill level 8 in Axes
  5634 | D:7      | Found a flagged portal.
  5643 | Bailey   | Entered a bailey
  5720 | Bailey   | Reached skill level 9 in Axes
  5731 | Bailey   | Reached ***** piety under Trog
  5731 | Bailey   | Received a gift from Trog
  5913 | Bailey   | Got a jewelled dagger
  6090 | D:7      | Found a shattered altar of Ashenzari.
  6389 | D:7      | Reached XP level 10. HP: 56/64 MP: 7/10
  6769 | D:7      | Received a gift from Trog
  6953 | D:8      | Found a blossoming altar of Fedhas.
  6974 | D:8      | Noticed a two-headed ogre
  6983 | D:8      | Killed a two-headed ogre
  6983 | D:8      | Reached skill level 10 in Axes
  7811 | D:9      | Noticed Erica
  7822 | D:9      | Killed Erica
  7822 | D:9      | Reached XP level 11. HP: 71/71 MP: 9/11
  7827 | D:9      | Found a staircase to the Lair.
  7837 | D:9      | Noticed a two-headed ogre
  7859 | D:9      | Killed a two-headed ogre
  7859 | D:9      | Reached skill level 11 in Axes
  8007 | D:9      | Noticed a two-headed ogre
  8015 | D:9      | Killed a two-headed ogre
  8022 | D:9      | Noticed a two-headed ogre
  8035 | D:9      | Killed a two-headed ogre
  8035 | D:9      | Reached skill level 10 in Armour
  8104 | D:9      | Found a shimmering altar of Xom.
  8180 | D:9      | Found a snail-covered altar of Cheibriados.
  8763 | D:10     | Entered Level 10 of the Dungeon
  8876 | D:10     | Reached skill level 10 in Fighting
  9008 | D:10     | Received a gift from Trog
  9069 | D:10     | Noticed a two-headed ogre
  9078 | D:10     | Killed a two-headed ogre
  9301 | D:10     | Noticed Grum
  9312 | D:10     | Killed Grum
  9380 | D:10     | Reached skill level 12 in Axes
  9779 | D:11     | Noticed a cyan ugly thing
  9786 | D:11     | Killed a cyan ugly thing
  9786 | D:11     | Reached XP level 12. HP: 79/79 MP: 12/12
  9872 | D:11     | Found a staircase to the Orcish Mines.
  9911 | D:11     | Noticed Urug
  9936 | D:11     | Killed Urug
 10215 | D:11     | Noticed a vault guard
 10237 | D:11     | Killed a vault guard
 10361 | D:11     | Found a portal to a secret trove of treasure.
 10565 | D:11     | You paid a toll of a +4 demon trident to enter a treasure trove
 10566 | Trove    | Entered a treasure trove
 10789 | D:12     | Found a frozen archway.
 10798 | IceCv    | Entered an ice cave
 10821 | IceCv    | Reached skill level 1 in Shields
 11236 | IceCv    | Reached skill level 13 in Axes
 11641 | D:12     | Found an ancient bone altar of Kikubaaqudgha.
 12109 | Lair:1   | Entered Level 1 of the Lair of Beasts
 12169 | Lair:1   | Found a hide-covered altar of Uskayaw.
 12649 | Lair:1   | Noticed Fannar
 12686 | Lair:1   | Killed Fannar
 12686 | Lair:1   | Reached skill level 5 in Shields
 13345 | Lair:1   | Reached XP level 13. HP: 84/84 MP: 13/13
 13479 | Lair:2   | Noticed Gastronok
 13501 | Lair:2   | Killed Gastronok
 14733 | Lair:3   | Reached skill level 14 in Axes
 15086 | Lair:3   | Received a gift from Trog
 15450 | Lair:4   | Found a hazy altar of Hepliaklqana.
 15494 | Lair:4   | Found a staircase to the Swamp.
 15584 | Lair:4   | Found a staircase to the Snake Pit.
 16092 | Lair:4   | You fall through a shaft!
 16390 | Lair:5   | Found a staircase to the Slime Pits.
 16608 | Lair:5   | Noticed Nessos
 16624 | Lair:5   | Killed Nessos
 17038 | Lair:4   | Gained mutation: Your large and strong wings let you fly indefinitely. [Gargoyle growth]
 17038 | Lair:4   | Reached XP level 14. HP: 92/92 MP: 14/14
 17107 | Lair:6   | Entered Level 6 of the Lair of Beasts
 17107 | Lair:6   | Noticed centipede's ghost (journeyman SpAs)
 17165 | Lair:6   | Killed centipede's ghost
 17469 | Lair:6   | Received a gift from Trog
 18101 | Lair:6   | Reached skill level 15 in Axes
 18305 | Lair:6   | Reached skill level 10 in Shields
 19395 | D:13     | Found a labyrinth entrance.
 19420 | Lab      | Entered a labyrinth
 19561 | Lab      | Identified the Almanac of Floating Slavery
 19567 | Lab      | Identified the Handbook of the Ashen Blaze
 19892 | D:13     | Identified the Tome of Confrontation and Hexes
 19898 | D:13     | Found a shattered altar of Ashenzari.
 20087 | D:13     | Reached XP level 15. HP: 98/98 MP: 15/15
 20822 | D:14     | Received a gift from Trog
 20922 | D:14     | Noticed Sonja
 20938 | D:14     | Killed Sonja
 21398 | D:14     | Found a gate to the Vaults.
 21471 | D:14     | Noticed Roxanne
 21907 | D:15     | Entered Level 15 of the Dungeon
 22010 | D:15     | Reached skill level 16 in Axes
 22288 | D:15     | Gained mutation: Your body sometimes deteriorates upon taking damage. [a neqoxec]
 22290 | D:15     | Gained mutation: Scrolls take you a little longer to read. [a neqoxec]
 22363 | D:15     | Received a gift from Trog
 22444 | D:15     | Found a staircase to the Depths.
 22562 | D:15     | Found an iron altar of Okawaru.
 22694 | D:15     | Reached XP level 16. HP: 105/105 MP: 16/16
 22704 | D:15     | Found a roughly hewn altar of Beogh.
 22784 | D:15     | Reached ****** piety under Trog
 23206 | Orc:1    | Entered Level 1 of the Orcish Mines
 23745 | Orc:2    | Entered Level 2 of the Orcish Mines
 23855 | Orc:2    | Received a gift from Trog
 23973 | Orc:2    | Found Der Vud's Food Shop.
 23973 | Orc:2    | Found Yban's Weapon Shoppe.
 23975 | Orc:2    | Found Joemp's Gadget Emporium.
 23977 | Orc:2    | Found Cyhupysasm's General Store.
 24069 | Orc:2    | Found a staircase to the Elven Halls.
 24125 | Orc:2    | Gained mutation: Your body often deteriorates upon taking damage. [a neqoxec]
 24742 | Swamp:1  | Entered Level 1 of the Swamp
 24811 | Swamp:1  | Received a gift from Trog
 25738 | Swamp:2  | Reached skill level 17 in Axes
 25905 | Swamp:2  | Noticed a thorn hunter
 25929 | Swamp:2  | Killed a thorn hunter
 26104 | Swamp:2  | Noticed a thorn hunter
 26203 | Swamp:2  | Killed a thorn hunter
 26203 | Swamp:2  | Reached XP level 17. HP: 112/112 MP: 8/17
 26557 | Swamp:2  | Received a gift from Trog
 27006 | Swamp:3  | Mangled by a shambling mangrove

Skill      XL: |  1  2  3  4  5  6  7  8  9 10 11 12 13 14 15 16 |
---------------+-------------------------------------------------+-----
Axes           | 3 4 5 6 7 9 10 12 13 14 15 16 17 | 17.3
Armour         | 3 4 5 6 8 9 10 11 12 13 14 | 14.7
Fighting       | 4 5 6 7 9 10 11 12 13 14 | 14.6
Shields        | 5 8 11 12 14 | 14.7
Dodging        | |  1.5

Action                   |  1- 3 |  4- 6 |  7- 9 | 10-12 | 13-15 | 16-18 || total
-------------------------+-------+-------+-------+-------+-------+-------++-------
Melee: Hand axe          |   105 |   191 |   638 |       |       |       ||   934
       Broad axe         |       |       |    70 |   822 |  1791 |   812 ||  3495
Throw: Javelin           |       |       |     6 |       |       |       ||     6
Invok: Berserk           |     1 |     3 |    11 |    23 |    22 |    13 ||    73
       Brothers in Arms  |       |       |       |     2 |    11 |     5 ||    18
       Trog's Hand       |       |       |       |     2 |     3 |       ||     5
 Abil: Fly               |       |       |       |       |     1 |       ||     1
 Stab: Distracted        |       |       |       |     1 |       |       ||     1
       Confused          |       |       |       |       |     2 |     1 ||     3
  Eat: Chunk             |     1 |     9 |    18 |    29 |    38 |    16 ||   111
       Meat ration       |       |       |     1 |     3 |     2 |       ||     6
       Fruit             |       |       |       |     3 |    16 |    12 ||    31
       Royal jelly       |       |       |       |       |     1 |       ||     1
Armor: Animal skin       |    33 |    42 |       |       |       |       ||    75
       Chain mail        |       |    17 |   357 |       |       |       ||   374
       Plate armour      |       |       |    87 |   674 |  1217 |   489 ||  2467
Dodge: Dodged            |    73 |   133 |   334 |   279 |   293 |   113 ||  1225
Block: Large shield      |       |       |       |   155 |  1699 |   768 ||  2622
